 Dungeon Crawl Stone Soup version 0.26-a0-34-g9e0bf03589 (webtiles) character file.

Game seed: 9232153775421575774, levelgen mode: deterministic

88 Fv001 the Skirmisher (level 4, -3/40 HPs)
             Began as a Hill Orc Abyssal Knight on May 29, 2020.
             Was a Believer of Lugonu.
             Splashed by a jelly's acid (7 damage)
             ... on level 3 of the Dungeon.
             The game lasted 00:06:26 (2499 turns).

Fv001 the Skirmisher (Hill Orc Abyssal Knight)      Turns: 2499, Time: 00:06:27

Health: -3/40      AC: -6    Str: 14    XL:     4   Next: 53%
Magic:  6/6        EV: 11    Int: 12    God:    Lugonu [**....]
Gold:   51         SH:  0    Dex: 17    Spells: 3/3 levels left

rFire    . . .     SeeInvis .   a - +1 hand axe
rCold    . . .     Gourm    .   (no shield)
rNeg     . . .     Faith    .   p - +0 ring mail
rPois    .         Spirit   .   (no helmet)
rElec    .         Reflect  .   (no cloak)
rCorr    .         Harm     .   (no gloves)
MR       .....                  (no boots)
Stlth    +.........             (no amulet)
HPRegen  0.13/turn              i - +6 ring of dexterity
MPRegen  0.10/turn              (no ring)

@: corroded
A: no striking features
a: Depart the Abyss, Bend Space, Renounce Religion


You were on level 3 of the Dungeon.
You worshipped Lugonu.
Lugonu was pleased with you.
You were not hungry.

You visited 1 branch of the dungeon, and saw 3 of its levels.
You visited the Abyss 1 time.

You collected 51 gold pieces.

Inventory:

Hand Weapons
 a - a +1 hand axe (weapon)
Armour
 b - a +0 leather armour
 p - a +0 ring mail (worn)
Jewellery
 i - a +6 ring of dexterity (left hand)
 l - an uncursed ring of poison resistance {unknown}
 o - an uncursed ring of fire {unknown}
Wands
 q - a wand of random effects (12)
Scrolls
 e - a scroll of enchant weapon {unknown}
 g - 2 scrolls of fear {unknown}
 h - a scroll of magic mapping {unknown}
 j - a scroll of remove curse
 r - a scroll of teleportation {unknown}
Potions
 d - a potion of degeneration {unknown}
 f - 3 potions of curing
 m - 2 potions of brilliance {unknown}
 n - a potion of heal wounds {unknown}
 s - a potion of berserk rage {unknown}
Comestibles
 c - 4 rations
 k - 2 chunks of flesh


   Skills:
 + Level 4.2 Fighting
 + Level 3.6 Axes
 + Level 2.9 Armour
 + Level 1.5 Dodging
 + Level 3.5 Invocations


You had 3 spell levels left.
You didn't know any spells.
Your spell library was empty.

Dungeon Overview and Level Annotations

Branches:
Dungeon (3/15)

Altars:


Message History

Lugonu accepts your kill.
A jelly comes into view.
The jelly quivers.
Found a whip.
The jelly hits you. The acid corrodes you!
You are splashed with acid!
You see here a scroll labeled UTEFENOHYC.
You slash the jelly!
Your hands burn!
The jelly is heavily wounded.
The jelly closely misses you.
You hit the jelly but do no damage.
Your hands burn!
The jelly is heavily wounded.
The jelly hits you. The acid corrodes you!
You are splashed with acid!
* * * LOW HITPOINT WARNING * * *
You hit the jelly.
Your hands burn!
* * * LOW HITPOINT WARNING * * *
The jelly is heavily wounded.
The jelly hits you.
* * * LOW HITPOINT WARNING * * *
The acid corrodes you!
You are splashed with acid!
You die...

... ..# #.####.# #...
..# ##.#.##.## #....
#.##...#..... #.....
#.#.......## #...#.##
##........#
#...##.###.#.......#
#(......#.......#..#
####..)#.##..#..##.#..#
......J@.....#..##.#..#
.............#.........
.............#.###.####
####.(.#.###.#.# #
#...... ....#.
#...#########.### ###
#... # .....# #.. ....
#. #.#.###.#
###.##.>.....#


You could see a jelly.

Vanquished Creatures
  Ijyb (D:3)
  An ooze (D:1)
  A worm (D:2)
  A dart slug (D:1)
  7 bats
  3 giant cockroaches
  6 goblins
  7 hobgoblins
  5 jackals (D:2)
  4 kobolds (D:1)
  2 quokkas
  5 frilled lizards
  7 rats
50 creatures vanquished.

Notes
Turn   | Place    | Note
-------+----------+-------------------------------------------
     0 | Abyss:1  | Fv001 the Hill Orc Abyssal Knight began the quest for the
                  | Orb.
     0 | Abyss:1  | Reached XP level 1. HP: 19/19 MP: 2/2
    52 | D:1      | Escaped the Abyss
   268 | D:1      | Reached skill level 1 in Dodging
   268 | D:1      | Reached XP level 2. HP: 27/27 MP: 3/3
   628 | D:1      | Reached ** piety under Lugonu
   646 | D:1      | Reached XP level 3. HP: 30/33 MP: 5/5
   727 | D:1      | Reached skill level 4 in Fighting
  1937 | D:2      | Reached XP level 4. HP: 31/40 MP: 6/6
  2321 | D:3      | Noticed Ijyb
  2335 | D:3      | Killed Ijyb
  2499 | D:3      | Splashed by a jelly's acid

Illustrated notes

Levels and vault maps discovered:
D:1:      minmay_arrival_jagged, layout_basic
D:2:      layout_loops_ring
D:3:      layout_loops_cross, nicolae_ru_great_annihilating_truth, uniq_ijyb

Skill      XL: |  1  2  3 |
---------------+----------+-----
Dodging        | 1 |  1.5
Axes           | 3 |  3.6
Invocations    | 3 |  3.5
Fighting       | 4 |  4.2
Armour         | |  2.9

Action                   |  1- 3 |  4- 6 || total
-------------------------+-------+-------++-------
Melee: Hand axe          |   136 |    34 ||   170
  Use: Scroll            |     3 |       ||     3
 Stab: Sleeping          |     1 |       ||     1
  Eat: Chunk             |     3 |     2 ||     5
Armor: Leather armour    |    62 |     2 ||    64
       Ring mail         |       |    10 ||    10
Dodge: Dodged            |    78 |    24 ||   102

Table legend:
 A = Non-vault XP
 B = Vault XP
 C = Vault XP percentage of total XP
 D = Non-vault monster count
 E = Vault monster count
 F = Vault count percentage of total count
                 A         B        C        D         E       F
            +---------+---------+-------+---------+---------+-------
      Total |      90 |      36 |  28.6 |      49 |       1 |   2.0
            +---------+---------+-------+---------+---------+-------
        D:1 |      51 |       0 |   0.0 |      27 |       0 |   0.0
        D:2 |      32 |       0 |   0.0 |      17 |       0 |   0.0
        D:3 |       7 |      36 |  83.7 |       5 |       1 |  16.7
            +---------+---------+-------+---------+---------+-------
